 Dungeon Crawl Stone Soup version 0.27.1-33-g824d729ab1 (webtiles) character file.

Game seed: 10654039725909700581

4270 hilljack the Digger (level 10, -4/75 HPs)
             Began as a Gargoyle Earth Elementalist on Nov 28, 2021.
             Was a Follower of Vehumet.
             Slain by a wyvern skeleton (5 damage)
             ... on level 7 of the Dungeon on Nov 29, 2021.
             The game lasted 00:20:26 (8880 turns).

hilljack the Digger (Gargoyle Earth Elementalist)   Turns: 8880, Time: 00:20:26

Health: -4/75      AC: 25    Str: 19    XL:     10   Next: 31%
Magic:  1/19       EV:  2    Int: 18    God:    Vehumet [*.....]
Gold:   359        SH:  4    Dex: 13    Spells: 11/21 levels left

rFire    . . .     SeeInvis .   a - +5 dagger
rCold    . . .     Faith    .   v - +0 buckler
rNeg     + + +     Spirit   .   (armour currently unavailable)
rPois    ∞         Reflect  .   (helmet currently unavailable)
rElec    .         Harm     .   (cloak currently unavailable)
rCorr    .         Rampage  .   (gloves currently unavailable)
Will     ++...     NoTele   +   (boots currently unavailable)
Stlth    +++.......             p - amulet of the acrobat
HPRegen  0.22/turn              t - ring of Traps {Will++ Str+6 Dex+3}
MPRegen  0.16/turn              (no ring)

@: tree-form, marked
A: stationary, stasis, torment immunity, boosted hp, sickness immunity, AC +7,
negative energy resistance 1, (electricity resistance), torment resistance 1,
petrification resistance
a: Renounce Religion


You were on level 7 of the Dungeon.
You worshipped Vehumet.
Vehumet was aware of your devotion.
You were a tree.
You visited 2 branches of the dungeon, and saw 8 of its levels.

You collected 359 gold pieces.

Inventory:

Hand Weapons
 a - a +5 dagger (weapon)
Missiles
 c - 94 stones
Armour
 g - +0 steam dragon scales (melded)
 i - a +1 helmet (melded)
 v - a +0 buckler (worn)
Magical Staves
 b - a staff of earth
Jewellery
 p - an amulet of the acrobat (around neck)
 t - the ring of Traps (left branch) {Will++ Str+6 Dex+3}
   (You took it off an orc wizard on level 7 of the Dungeon)

   [ring of strength]

   Str:       It affects your strength (+6).
   Dex:       It affects your dexterity (+3).
   Will:      It greatly increases your willpower.
Wands
 l - a wand of digging (4)
 m - a wand of mindburst (13)
Scrolls
 d - a scroll of fog
 e - 5 scrolls of teleportation
 j - 2 scrolls of immolation
 q - a scroll of amnesia {unknown}
 u - a scroll of identify
Potions
 n - a potion of magic
 o - a potion of cancellation


   Skills:
 - Level 4.9 Short Blades
 + Level 3.0 Armour
 + Level 2.9 Dodging
 - Level 7.1 Stealth
 + Level 3.1 Shields
 - Level 6.3 Spellcasting
 - Level 4.8 Conjurations
 - Level 4.5 Transmutations
 - Level 7.3 Earth Magic


You had 11 spell levels left.
You knew the following spells:

 Your Spells              Type           Power      Damage    Failure   Level
a - Sandblast             Erth           64%        2d14      1%          1
b - Passwall              Tmut/Erth      22%        N/A       1%          2
c - Stone Arrow           Conj/Erth      54%        3d10      3%          3
d - Petrify               Tmut/Erth      27%        N/A       11%         4

Your spell library contained the following spells:

 Spells                   Type           Power      Damage    Failure   Level
 Foxfire                  Conj/Fire      56%        2x1d6     4%          1
 Shock                    Conj/Air       56%        1d6       4%          1
 Swiftness                Air            5%         N/A       36%         3
 Airstrike                Air            2%         N/A       78%         4
 Summon Forest            Summ/Tloc      2%         N/A       98%         5
 Eringya's Noxious Bog    Tmut/Pois      6%         N/A       100%        6
 Summon Hydra             Summ           2%         N/A       100%        7


Dungeon Overview and Level Annotations

Branches:
Dungeon (7/15)             Temple (1/1) D:5

Altars:
Ashenzari
Elyvilon
Fedhas
Gozag
Hepliaklqana
Kikubaaqudgha
Makhleb
Nemelex Xobeh
Ru
Sif Muna
Trog
Uskayaw
Vehumet
Wu Jian
Xom
Zin
The Shining One

Shops:
D:4 :   D:6 :


Innate Abilities, Weirdness & Mutations

You are a tree.
Your roots penetrate the ground, keeping you stationary.
You cannot be teleported.
You are immune to unholy pain and torment.
Your maximum health is greatly increased.
Your equipment is partially melded.
You are immune to sickness and miasma.
((Your stone body is resilient. (AC +7)))
You are immune to poison.
You resist negative energy. (rN+)
((You are resistant to electric shocks. (rElec)))
You are resistant to unholy torment.
You are immune to petrification.


Message History

Something hits you but does no damage.
The orc warrior hits you but does no damage.
Something hits you but does no damage. As you open the door, it creaks loudly!
Something hits you but does no damage. Something hits you.
The orc warrior hits you from afar with a +0 trident!
* * * LOW HITPOINT WARNING * * *
Something hits you!
* * * LOW HITPOINT WARNING * * *
You cannot move.
You feel better. Something hits you but does no damage.
Something completely misses you. The orc warrior barely misses you.
A deep elf pyromancer comes into view.
It is wielding a +1 mace of protection and carrying a wand of acid (5).
Something hits you but does no damage.
Casting: Stone Arrow (dangerous; 3% risk of failure)
Confirm with . or Enter, or press ? or * to list all spells.
Aiming: Stone Arrow (dangerous; 3% risk of failure)
Press: ? - help, Shift-Dir - straight line, f/p - orc warrior
Aim: an orc warrior, wielding a +0 trident and wearing a +0 chain mail (lightly wounded, 68% to hit)
The stone arrow hits the orc warrior!!
The orc warrior is almost dead.
Something hits you but does no damage. x2
The orc warrior hits you from afar with a +0 trident.
* * * LOW HITPOINT WARNING * * *
Something hits you!
* * * LOW HITPOINT WARNING * * *
A large slime creature comes into view.
Casting: Stone Arrow (dangerous; 3% risk of failure)
Confirm with . or Enter, or press ? or * to list all spells.
Aiming: Stone Arrow (dangerous; 3% risk of failure)
Press: ? - help, Shift-Dir - straight line, f/p - orc warrior
Aim: an orc warrior, wielding a +0 trident and wearing a +0 chain mail (almost dead, 68% to hit)
The stone arrow misses the orc warrior.
Something hits you.
* * * LOW HITPOINT WARNING * * *
Something hits you but does no damage.
The orc warrior hits you but does no damage.
Something hits you!
* * * LOW HITPOINT WARNING * * *
The wyvern skeleton bites you.
You die...

##.....##.#####..
##.##....)....# .#
#....###)###...# #c#
#...##..##### .. ..
#..##.####..## ..
#.##.###..##°## '##
#.##.##.#####○# ..#
##.###.#.#..##.###.#.#.#
†..'##.##[##.##'♣Zo†e'#
##.#.##..#.#.###.#.###.#
...#.#####.##.###..#
##.##.##..###.# ##J#
##..##..####.###..#S.
##...#####..###..# #..
......# #'### ..# #..
#####.# ##..#..# #.
#)##..#.#.#


You could see a large slime creature, a deep elf pyromancer, an orc warrior, a
water moccasin and a wyvern skeleton.

Vanquished Creatures
  An ugly thing (D:7)
  A gargoyle (D:7)
  Grinder (D:6)
  A vampire mosquito (D:7)
  A steam dragon (D:4)
  Menkaure (D:4)
  2 water moccasins
  An orc warrior (D:6)
  2 necrophages
  A hornet zombie (D:6)
  A black bear (D:7)
  2 ogres (D:4)
  A phantom (D:7)
  2 centaurs (D:7)
  A kobold brigand (D:7)
  2 bullfrogs (D:7)
  A wyvern zombie (D:7)
  A water moccasin zombie (D:6)
  3 wights (D:7)
  2 vampire bats (D:7)
  A howler monkey (D:7)
  2 centaur zombies (D:6)
  An orc priest (D:6)
  4 bullfrog zombies
  A gnoll shaman (D:7)
  4 centaur skeletons
  4 orc wizards
  2 killer bee zombies
  2 howler monkey zombies (D:6)
  7 adders
  4 shadow imps
  3 white imps (D:7)
  An ufetubus (D:7)
  An adder skeleton (D:4)
  4 worms
  3 dart slugs
  14 orcs
  6 bats
  4 bat skeletons (D:7)
  2 bat zombies (D:7)
  5 endoplasms
  A giant cockroach (D:2)
  6 goblins
  8 hobgoblins
  6 jackals
  8 kobolds
  3 quokkas
  10 ball pythons
  4 frilled lizards (D:3)
  4 rats
153 creatures vanquished.

Vanquished Creatures (collateral kills)
  A boulder beetle (D:7)
  A shadow (D:7)
  A steam dragon (D:7)
  A howler monkey skeleton (D:7)
4 creatures vanquished.

Vanquished Creatures (others)
  A kobold (D:4)
  3 withered plants (D:6)
4 creatures vanquished.

Grand Total: 161 creatures vanquished

Notes
Turn   | Place    | Note
-------+----------+-------------------------------------------
     0 | D:1      | hilljack the Gargoyle Earth Elementalist began the quest
                  | for the Orb.
     0 | D:1      | Reached XP level 1. HP: 10/10 MP: 3/3
   173 | D:1      | Reached XP level 2. HP: 15/15 MP: 1/5
   996 | D:1      | Reached XP level 3. HP: 19/19 MP: 4/6
  1291 | D:2      | Learned a level 2 spell: Passwall
  1295 | D:2      | Learned a level 3 spell: Stone Arrow
  1415 | D:2      | Reached skill level 5 in Earth Magic
  1671 | D:2      | Found a faded altar of an unknown god.
  2019 | D:2      | Reached XP level 4. HP: 21/24 MP: 3/7
  2109 | D:2      | Found a blossoming altar of Fedhas.
  2299 | D:3      | Reached skill level 1 in Conjurations
  2474 | D:3      | Noticed a necrophage
  2488 | D:3      | Killed a necrophage
  2489 | D:3      | Reached XP level 5. HP: 18/28 MP: 3/9
  2757 | D:3      | Found a sacrificial altar of Ru.
  3614 | D:4      | Found a glowing silver altar of Zin.
  3615 | D:4      | Found an opulent altar of Gozag.
  3649 | D:4      | Found Yrocorocw's Book Shop.
  3649 | D:4      | Noticed Menkaure
  3653 | D:4      | Killed Menkaure
  3654 | D:4      | Reached XP level 6. HP: 32/32 MP: 7/10
  3840 | D:4      | Reached XP level 7. HP: 36/36 MP: 5/12
  3902 | D:4      | Noticed a steam dragon
  3911 | D:4      | Killed a steam dragon
  4571 | D:5      | Entered Level 5 of the Dungeon
  4622 | D:5      | Learned a level 4 spell: Petrify
  5167 | D:5      | Reached skill level 1 in Transmutations
  5179 | D:5      | Found a staircase to the Ecumenical Temple.
  5188 | Temple   | Entered the Ecumenical Temple
  5428 | Temple   | Became a worshipper of Vehumet
  5662 | D:6      | Reached skill level 1 in Short Blades
  5790 | D:6      | Found Herefuvo's Book Shoppe.
  5852 | D:6      | Reached XP level 8. HP: 41/41 MP: 10/14
  6198 | D:6      | Noticed a +0 dagger
  6198 | D:6      | Noticed a +0 hand axe
  6201 | D:6      | Found a hide-covered altar of Uskayaw.
  6819 | D:6      | Noticed Grinder
  6825 | D:6      | Killed Grinder
  7452 | D:6      | Reached skill level 5 in Stealth
  7452 | D:6      | Reached skill level 5 in Spellcasting
  7578 | D:7      | Reached XP level 9. HP: 37/45 MP: 11/16
  7578 | D:7      | Reached * piety under Vehumet
  7578 | D:7      | Offered knowledge of Magic Dart by Vehumet.
  7835 | D:7      | Noticed a gargoyle
  7840 | D:7      | Killed a gargoyle
  7975 | D:7      | Noticed a cyan ugly thing
  7992 | D:7      | Killed a cyan ugly thing
  8304 | D:7      | Found a shimmering altar of Xom.
  8396 | D:7      | Identified the ring of Traps {Will++ Str+6 Dex+3}
  8537 | D:7      | Reached XP level 10. HP: 50/50 MP: 16/19
  8678 | D:7      | Found an ancient bone altar of Kikubaaqudgha.
  8681 | D:7      | Reached skill level 1 in Armour
  8681 | D:7      | Reached skill level 1 in Shields
  8798 | D:7      | Offered knowledge of Foxfire by Vehumet.
  8806 | D:7      | Noticed a boulder beetle
  8851 | D:7      | HP: 2/50 [centaur/arrow (5)]
  8851 | D:7      | Killed a boulder beetle
  8878 | D:7      | Noticed a deep elf pyromancer
  8880 | D:7      | HP: 1/75 [something (7)]
  8880 | D:7      | Slain by a wyvern skeleton

Illustrated notes

Levels and vault maps discovered:
D:1:      dpeg_arrival_morbid_curiosity, layout_basic
D:2:      layout_basic, basic_altar, shapermc_ecumenical_altar_gd,
          minmay_box_of_dots
D:3:      layout_basic, hangedman_ru_absence
D:4:      layout_basic, grunt_temple_overflow_gold_and_silver, serial_shops,
          nicolae_square_shop, uniq_menkaure
D:5:      layout_loops_ring, minmay_temple_entry_overgrown, serial_glass,
          glass_columns_a, glass_columns_a
D:6:      layout_layer_cave, dancing_weapons_uskayaw, serial_undead,
          serial_undead_f, serial_undead_f, serial_undead_b, serial_undead_a,
          serial_shops, nicolae_shop_trees, kennysheep_cross_room,
          chequers_serial_rivers_room_a, uniq_grinder
D:7:      minmay_the_grid_octo_tiled_octocenter
          [minmay_the_grid_octo_fan_narrow, minmay_the_grid_octo_focus,
          minmay_the_grid_octo_checkered, minmay_the_grid_octo_clover_2,
          minmay_the_grid_octo_prize_star, minmay_the_grid_square_5x5_hourglass,
          minmay_the_grid_square_5x5_shrine2,
          minmay_the_grid_square_5x5_hollow_slash,
          minmay_the_grid_square_5x5_longway], layout_loops_corners,
          mainiacjoe_overflow_small_starburst, kennysheep_vampire_church
Temple:   dpeg_chambers_temple

Skill      XL: |  1  2  3  4  5  6  7  8  9 10 |
---------------+-------------------------------+-----
Earth Magic    | 4 5 6 7 |  7.3
Conjurations   | 2 3 4 |  4.8
Spellcasting   | 3 4 5 6 |  6.3
Transmutations | 1 3 4 |  4.5
Short Blades   | 1 3 4 |  4.9
Stealth        | 3 5 7 |  7.1
Armour         | 3 |  3.0
Dodging        | 2 |  2.9
Shields        | 3 |  3.1

Action                   |  1- 3 |  4- 6 |  7- 9 | 10-12 || total
-------------------------+-------+-------+-------+-------++-------
Melee: Whip              |    11 |    16 |       |       ||    27
       Dagger            |       |    52 |    41 |     5 ||    98
       Staff             |       |       |     1 |       ||     1
 Cast: Sandblast         |    55 |    29 |    82 |    22 ||   188
       Stone Arrow       |       |     2 |    36 |    14 ||    52
  Use: Scroll            |     3 |     4 |     8 |     1 ||    16
       Potion            |       |       |     1 |     8 ||     9
 Stab: Sleeping          |       |     2 |     1 |       ||     3
Armor: Robe              |    17 |    29 |    32 |       ||    78
       Steam dragon scal |       |       |     3 |     4 ||     7
       Skin              |       |       |       |    17 ||    17
Dodge: Dodged            |    25 |    41 |    59 |     8 ||   133
Block: Buckler           |       |       |       |     6 ||     6
